 Dungeon Crawl Stone Soup version 0.28-a0-724-g66f9036eb4 (webtiles) character file.

Game seed: 10808917889278218189

3 flotson the Sneak (level 1, 0/18 HPs)
             Began as a Demonspawn Delver on Oct 26, 2021.
             Slain by a hobgoblin (4 damage)
             ... on level 3 of the Dungeon.
             The game lasted 00:01:16 (186 turns).

flotson the Sneak (Demonspawn Delver)                Turns: 186, Time: 00:01:16

Health: 0/18       AC:  3    Str: 12    XL:     1   Next: 41%
Magic:  1/1        EV: 11    Int: 11    God:
Gold:   6          SH:  0    Dex: 14    Spells: 0/0 levels left

rFire   . . .      SeeInvis .   a - +0 hand axe
rCold   . . .      Faith    .   (no shield)
rNeg    . . .      Spirit   .   b - +0 leather armour
rPois   .          Reflect  .   (no helmet)
rElec   .          Harm     .   (no cloak)
rCorr   .          Rampage  .   (no gloves)
Will    .....                   (no boots)
Stlth   ++........              (no amulet)
HPRegen 0.06/turn               (no ring)
MPRegen 0.07/turn               (no ring)

@: no status effects
A: no striking features
a: no special abilities


You were on level 3 of the Dungeon.
You visited 1 branch of the dungeon, and saw 3 of its levels.

You collected 6 gold pieces.

Inventory:

Hand Weapons
 a - a +0 hand axe (weapon)
Armour
 b - a +0 leather armour (worn)
Wands
 g - a wand of digging (3)
Scrolls
 c - a scroll of fog
 d - a scroll of magic mapping
 e - 2 scrolls of fear
 h - a scroll of teleportation {unknown}
Potions
 f - a potion of haste


   Skills:
 + Level 3.0 Fighting
 - Level 1.7 Axes
 + Level 0.2 Armour
 + Level 1.9 Dodging
 - Level 4.5 Stealth


You couldn't memorise any spells.
You didn't know any spells.
Your spell library was empty.

Dungeon Overview and Level Annotations

Branches:
Dungeon (5/15)
 Temple: D:4-7

Altars:
Okawaru
Uskayaw
Wu Jian


Message History

You see here a scroll of fear.
e - 2 scrolls of fear (gained 1)
A quokka comes into view.
Found 16 gold pieces.
The endoplasm freezes you.
You are frozen.
* * * LOW HITPOINT WARNING * * *
A goblin comes into view. It is wielding a +0 dagger.
The goblin shouts!
The endoplasm jiggles.
The endoplasm barely misses you.
A bat comes into view.
The endoplasm hits you.
* * * LOW HITPOINT WARNING * * *
The bat barely misses you. The bat closely misses you.
The bat hits you but does no damage. The bat hits you.
* * * LOW HITPOINT WARNING * * *
The bat misses you.
A hobgoblin comes into view.
You hit the bat.
You kill the bat!
You hit the endoplasm.
The endoplasm is moderately wounded.
The hobgoblin shouts!
The endoplasm freezes you.
You are frozen.
* * * LOW HITPOINT WARNING * * *
You hit the endoplasm.
The endoplasm is severely wounded.
The endoplasm closely misses you.
You hit the endoplasm.
You kill the endoplasm!
You hit the hobgoblin.
You kill the hobgoblin!
You closely miss the goblin. The goblin hits you but does no damage.
The goblin barely misses you.
You hit the goblin but do no damage. You hit the hobgoblin.
The hobgoblin hits you.
You die...

#######.##
#..g@g...#
#.#####..... #.#
### ##### ##.##
#...#####.g.###
#....g........#
#...#####.........
##.## ##......#.
##.# #........


You could see a hobgoblin and a goblin.

Vanquished Creatures
  An endoplasm (D:3)
  A hobgoblin (D:3)
  A bat (D:3)
3 creatures vanquished.

Notes
Turn   | Place    | Note
-------+----------+-------------------------------------------
     0 | D:5      | flotson the Demonspawn Delver began the quest for the Orb.
     0 | D:5      | Reached XP level 1. HP: 18/18 MP: 1/1
    16 | D:4      | Found an iron altar of Okawaru.
    19 | D:4      | Found a hide-covered altar of Uskayaw.
    19 | D:4      | Noticed a phantom
   100 | D:3      | Found an ornate altar of the Wu Jian Council.
   186 | D:3      | Slain by a hobgoblin

Illustrated notes

Levels and vault maps discovered:
D:3:      layout_loops_ring, mainiacjoe_overflow_concentric_impassable,
          serial_shops, shop, minmay_bisected
D:4:      layout_gridville, grunt_temple_overflow_open
D:5:      layout_gridville

Action                   || total
-------------------------++-------
Melee: Hand axe          ||    12
Armor: Leather armour    ||     2
Dodge: Dodged            ||     8

Table legend: (Time is in decaauts)
 A = Elapsed time spent in this place.
 B = Non-inter-level travel time spent in this place.
 C = Inter-level travel time spent in this place.
 D = Time resting spent in this place.
 E = Time spent auto-exploring this place.
 F = Levels seen in this place.
 G = Mean time per level.
                   A        B        C        D        E       F      G
               +--------+--------+--------+--------+--------+-----+--------+
         Total |    187 |    187 |      0 |      0 |      7 |   3 |   62.3 |
       Dungeon |    187 |    187 |      0 |      0 |      7 |   3 |   62.3 |
               +--------+--------+--------+--------+--------+-----+--------+

Top non-repeatable levels by time:
     D:3: 154 daAuts
     D:4: 17 daAuts
     D:5: 16 daAuts
